Map: [ESL] Tropical Sacrifice

Players

DPGherO (herO)

  • Race: Protoss Protoss
  • Spawn Location: 1:00

Reynor - Winner!

  • Race: Zerg Zerg
  • Spawn Location: 7:00

Event: TSL 9

VOD

Have the link to the VOD?

Description

Time

  • Played on: Aug. 7, 2022, 7:36 a.m.
  • Length: 6:56

All games in this series

Show
View Real Time Build Order
Export as new Build Order

DPGherO Protoss 

Build Orders: 1 Gate Expand, Oracle Opening 

Get SALT Encoding   

  12  0:00  Probe  
  13  0:15  Pylon  
  13  0:17  Probe (Chrono Boost)  
  14  0:27  Probe (Chrono Boost)  
  15  0:32  Probe (Chrono Boost)  
  16  0:42  Gateway  
  16  0:44  Probe  
  17  0:50  Assimilator  
  17  0:56  Probe  
  18  1:08  Probe  
  19  1:20  Probe  
  20  1:28  Nexus  
  20  1:38  Cybernetics Core  
  20  1:41  Probe  
  20  1:46  Assimilator  
  21  1:53  Probe  
  22  1:58  Pylon  
  22  2:05  Probe (Chrono Boost)  
  23  2:16  Adept  
  23  2:17  Probe (Chrono Boost)  
  23  2:21  Stargate  
  26  2:25  Probe (Chrono Boost)  
  26  2:27  Warp Gate  
  27  2:31  Probe (Chrono Boost)  
  28  2:42  Probe (Chrono Boost)  
  28  2:43  Probe (Chrono Boost)  
  30  2:46  Stalker  
  30  2:50  Probe (Chrono Boost)  
  33  2:52  Probe (Chrono Boost)  
  33  2:55  Probe  
  35  3:02  Probe  
  35  3:03  Oracle (Chrono Boost)  
  39  3:07  Probe  
  39  3:12  Pylon  
  40  3:14  Probe  
  40  3:19  Probe  
  42  3:22  Gateway  
  42  3:31  Oracle  
  42  3:33  Probe x2  
  47  3:47  Nexus  
  47  3:52  Pylon  
  47  3:55  Probe x2  
  49  4:06  Twilight Council  
  49  4:07  Robotics Facility  
  49  4:18  Assimilator  
  49  4:23  Gateway x2  
  49  4:26  Gateway  
  49  4:28  Pylon  
  49  4:33  Charge (Chrono Boost)  
  49  4:36  Gateway  
  49  4:42  Gateway  
  49  4:50  Warp Prism (Chrono Boost)  
  49  4:51  Gateway  
  51  5:01  Probe (Chrono Boost)  
  51  5:05  Zealot x2  
  53  5:08  Pylon  
  53  5:12  Probe (Chrono Boost)  
  54  5:19  Zealot x2  
  54  5:20  Observer  
  59  5:24  Probe  
  59  5:27  Zealot x3  
  66  5:36  Adept  
  68  5:45  Zealot x3  
  68  5:47  Zealot x2  
  68  5:48  Zealot  
  76  6:01  Zealot x2  
  70  6:06  Zealot x3  
  70  6:11  Zealot x2  
  58  6:19  Zealot  
Show
View Real Time Build Order
Export as new Build Order

Reynor Zerg - Winner!

Build Orders: Hatch First 

Get SALT Encoding   

  12  0:00  Drone  
  13  0:12  Overlord  
  13  0:17  Drone  
  14  0:31  Drone x2  
  16  0:44  Drone  
  17  0:54  Hatchery  
  17  0:56  Drone  
  17  0:59  Drone  
  18  1:11  Extractor  
  17  1:16  Spawning Pool  
  16  1:20  Drone  
  16  1:23  Drone  
  18  1:28  Drone  
  19  1:39  Drone  
  20  1:49  Overlord  
  20  2:02  Queen  
  20  2:06  Drone x2  
  20  2:07  Queen  
  26  2:13  Zergling x2  
  26  2:15  Metabolic Boost  
  27  2:17  Zergling x2  
  28  2:23  Drone  
  28  2:27  Drone  
  30  2:39  Hatchery  
  30  2:42  Drone  
  30  2:45  Drone  
  30  2:49  Drone  
  32  2:51  Overlord  
  32  2:54  Drone  
  33  2:59  Queen  
  33  3:03  Drone  
  36  3:09  Queen  
  36  3:11  Drone  
  39  3:15  Overlord  
  39  3:18  Drone  
  40  3:20  Drone  
  40  3:22  Drone  
  40  3:25  Overlord  
  42  3:27  Drone  
  42  3:31  Drone  
  44  3:34  Drone  
  44  3:36  Queen  
  47  3:43  Overlord  
  47  3:45  Drone  
  48  3:49  Queen  
  48  3:54  Queen  
  52  3:55  Spore Crawler  
  52  4:00  Drone, Evolution Chamber  
  52  4:01  Drone  
  52  4:02  Drone  
  53  4:04  Drone  
  53  4:07  Drone x2  
  56  4:10  Spore Crawler  
  56  4:16  Spore Crawler, Drone  
  55  4:18  Drone x2  
  55  4:19  Drone  
  55  4:22  Drone  
  55  4:23  Drone  
  60  4:24  Drone  
  60  4:28  Zerg Melee Weapons Level 1  
  60  4:30  Drone  
  62  4:33  Drone x2  
  62  4:35  Overlord  
  64  4:38  Drone  
  64  4:39  Drone  
  64  4:41  Overlord  
  66  4:45  Overlord  
  66  4:48  Roach Warren  
  66  4:50  Drone  
  66  4:53  Drone  
  66  4:55  Drone x3  
  66  4:57  Overlord  
  70  5:05  Lair  
  70  5:06  Drone x3  
  73  5:07  Extractor  
  73  5:08  Drone x3  
  73  5:10  Extractor  
  73  5:12  Zergling x4  
  73  5:13  Zergling x2  
  77  5:17  Zergling x4  
  77  5:21  Overlord  
  79  5:22  Zergling x6  
  82  5:32  Roach x3  
  82  5:34  Roach  
  82  5:35  Zergling x2  
  90  5:37  Hatchery  
  90  5:40  Roach  
  90  5:41  Zergling x2  
  92  5:46  Zergling x2, Roach  
  92  5:48  Queen  
  97  5:51  Overlord  
  97  5:53  Zergling x4, Roach  
  97  5:56  Zergling x8, Roach  
  105  6:00  Roach  
  105  6:01  Zergling x4  
  104  6:04  Overlord  
  104  6:07  Zergling x2  
  104  6:11  Roach  
  97  6:15  Roach  
  97  6:18  Roach  
  91  6:20  Roach  
  91  6:23  Zergling x4, Roach  
  91  6:25  Zergling x6  
Tags
 
Add a new tag
Caveats
  • Supply blocks, unpowered buildings, or Contaminate may cause inaccurate times.
  • Supply counts are checked every 10 seconds.